 Dungeon Crawl Stone Soup version 0.31-a0-986-g5e6e4ef867 (webtiles) character file.

Game seed: 3168904149347583814

3138 promet the Covert (level 9, -3/47 HPs)
             Began as a Spriggan Brigand on Nov 16, 2023.
             Was a Believer of Dithmenos.
             Slain by Erica
             ... wielding a +2 scimitar of flaming
              (9 damage)
             ... on level 8 of the Dungeon.
             The game lasted 00:55:33 (14061 turns).

promet the Covert (Spriggan Brigand)               Turns: 14061, Time: 00:55:34

Health: -3/47      AC:  3    Str: 15    XL:     9   Next: 61%
Magic:  13/13      EV: 19    Int: 14    God:    Dithmenos [**....]
Gold:   160        SH:  0    Dex: 17    Spells: 9/12 levels left

rFire   . . .        b - +0 arbalest
rCold   + . .        (shield currently unavailable)
rNeg    . . .        l - +0 robe
rPois   .            (helmet restricted)
rElec   .            r - +0 cloak
rCorr   .            (gloves unavailable)
SInv    +            (boots unavailable)
Will    +....        (no amulet)
Stlth   ++++++       o - ring of protection from cold
HPRegen 0.27/turn    s - +6 ring of strength
MPRegen 0.13/turn

%: no passive effects
@: wreathed by umbra, very quick
A: very small, no large weapons, unfitting armour, see invisible, speed 3
a: Renounce Religion, Shadow Step


You were on level 8 of the Dungeon.
You worshipped Dithmenos.
Dithmenos was pleased with you.
You visited 1 branch of the dungeon, and saw 8 of its levels.

You collected 420 gold pieces.
You spent 260 gold pieces at shops.

Inventory:

Hand Weapons
 a - a +2 dagger of freezing
 b - a +0 arbalest (weapon)
 c - a -1 demon blade
 m - a +0 spear
 y - a +0 morningstar
Missiles
 d - 20 poisoned darts
 e - 2 curare-tipped darts
 g - 78 stones
Armour
 k - an orb of wrath
 l - a +0 robe (worn)
 r - a +0 cloak (worn)
 t - an orb of light
Magical Staves
 f - a staff of death
Jewellery
 o - a ring of protection from cold (left hand)
 s - a +6 ring of strength (right hand)
Wands
 v - a wand of roots (6)
 w - a wand of flame (20)
Scrolls
 j - 2 scrolls of teleportation
 C - a scroll of revelation {unknown}
Potions
 h - a potion of berserk rage
 i - 5 potions of haste
 n - 2 potions of attraction
 p - a potion of invisibility {unknown}
 q - 3 potions of heal wounds
 u - 2 potions of brilliance {unknown}
 x - 2 potions of curing {unknown}
 z - a potion of ambrosia {unknown}
 A - a potion of lignification {unknown}
 B - 3 potions of magic {unknown}


   Skills:
 * Level 5.6 Fighting
 + Level 3.9(5.6) Short Blades
 + Level 4.7(5.1) Long Blades
 + Level 5.8 Ranged Weapons
 + Level 3.2 Throwing
 + Level 5.2 Dodging
 + Level 9.9 Stealth
 * Level 2.4 Spellcasting
 * Level 2.1 Poison Magic


You had 9 spell levels left.
You knew the following spells:

 Your Spells              Type           Power      Damage    Failure   Level
a - Sting                 Tmut/Pois      16%        1d3       14%         1
b - Poisonous Vapours     Pois/Air       8%         N/A       22%         2

Your spell library contained the following spells:

 Spells                   Type           Power      Damage    Failure   Level
 Ozocubu's Armour         Ice            1%         N/A       56%         3
 Tukima's Dance           Hex            1%         N/A       56%         3
 Olgreb's Toxic Radiance  Pois           7%         N/A       67%         4
 Brom's Barrelling Bould  Conj/Erth      1%         2d3       92%         4
 Dimensional Bullseye     Hex/Tloc       0%         N/A       92%         4
 Iskenderun's Mystic Bla  Conj/Tloc      1%         2d3       92%         4
 Vhi's Electric Charge    Tloc/Air       2%         N/A       92%         4
 Arcjolt                  Conj/Air       0%         1d10      99%         5
 Fireball                 Conj/Fire      0%         3d3       99%         5
 Iskenderun's Battlesphe  Conj           1%         2d6       99%         5
 Conjure Ball Lightning   Conj/Air       0%         3x3d6     100%        6
 Plasma Beam              Fire/Air       0%         2x1d10    100%        6
 Orb of Destruction       Conj           0%         9d5       100%        7
 Ozocubu's Refrigeration  Ice            0%         4d7       100%        7


Dungeon Overview and Level Annotations

Branches:
Dungeon (8/15)             Temple (0/1) D:4            Lair (0/5) D:8

Altars:
Ashenzari
Dithmenos
Elyvilon
Fedhas
Nemelex Xobeh
Ru
Wu Jian
Xom
Yredelemnul

Shops:
D:4 *   D:6 *

Annotations:
D:8 Erica


Innate Abilities, Weirdness & Mutations

You are very small and have problems with some larger weapons.
You are too small for most types of armour.
You have supernaturally acute eyesight. (SInv)
You cover ground extremely quickly. (Speed+++)


Message History

Erica gestures at you while chanting. The bolt of poison hits you!
You are poisoned.
You feel sick.
You feel sick.
Erica points at you and mumbles some strange words.
You easily resist.
You feel sick.
There is a stone staircase leading up, spattered with blood here.
Things that are here:
a +0 leather armour; a +0 hand axe
Okay, then.
You feel sick.
You feel sick.
You feel sick.
You feel sick.
You feel sick.
You feel sick.
You feel sick.
You are no longer poisoned.
Aiming: Fastroot
Press: ? - help, Shift-Dir - straight line, f/p - Erica
Aim: Erica, wielding a +2 scimitar of flaming and wearing a +0 robe (moderately wounded)
The roots erupt in riotous growth!
Roots grab Erica.
The grasping roots constrict Erica.
You hear a bellow!
Erica escapes!
You are too injured to fight recklessly!
You are too injured to fight recklessly!
Fire: b) +0 arbalest
Press: ? - help, Q - select action, (/) - cycle Shift-Dir - straight line, f/p - Erica
Aim: Erica, wielding a +2 scimitar of flaming and wearing a +0 robe (moderately wounded, umbra, 55% to hit)
You shoot a bolt. The bolt hits Erica!!
Erica is severely wounded.
Erica hits you with a +2 scimitar of flaming!
* * * LOW HITPOINT WARNING * * *
Erica burns you!
You die...
Erica begins laughing uncontrollably.

.###### #......## #..#.....
......# #.#..### #.####.##
.####.#####.#.## ####.# #.# .#
#.>.......# #....# ##[# .#
#......#### #####.#### #..# h#
##......# ##.)...# #.### .#
#..###.## #..##### ##...# .###.##
#..######)#### #..#..
......###.)....[@....# #.##.#
...P......######@.##..######.#...
.......P..#####..## #...........#
.P..........<...## ######...###
P...P........#### ##.#...
...Y.....@[..# ###.....
...P.P.........# ####...#...
.P..P..P.......# #......####
...............# #S###.....#


You could see Erica.

Vanquished Creatures
  Sigmund (D:4)
  A yak (D:4)
  A steam dragon (D:8)
  2 water moccasins (D:8)
  An orc warrior (D:7)
  2 black bears
  An ogre (D:5)
  3 phantoms
  Blork the orc (D:4)
  2 kobold brigands
  8 bullfrogs
  A gnoll sergeant (D:7)
  2 scorpions
  3 wights
  2 hounds
  5 orc priests
  Ijyb (D:5)
  9 iguanas
  5 orc wizards
  A mummy (D:5)
  5 adders
  3 gnolls
  A shadow imp (D:7)
  A white imp (D:6)
  4 ufetubi
  A worm (D:2)
  3 dart slugs
  24 orcs
  5 ball pythons
  6 bats
  8 endoplasms
  4 giant cockroaches
  6 goblins
  5 hobgoblins
  6 kobolds
  4 quokkas
  A frilled lizard (D:2)
  2 goblin zombies (D:5)
  A jackal skeleton (D:5)
  A kobold zombie (D:5)
  2 orc zombies (D:5)
  5 rats
150 creatures vanquished.

Vanquished Creatures (others)
  A yak (D:5)
  A human (D:5)
  A quokka (D:5)
  A hobgoblin zombie (D:5)
4 creatures vanquished.

Grand Total: 154 creatures vanquished

Notes
Turn   | Place    | Note
-------+----------+-------------------------------------------
     0 | D:1      | promet the Spriggan Brigand began the quest for the Orb.
     0 | D:1      | Reached XP level 1. HP: 10/10 MP: 2/2
    25 | D:1      | Reached skill level 6 in Stealth
   235 | D:1      | Reached XP level 2. HP: 12/15 MP: 3/3
   451 | D:1      | Found a faded altar of an unknown god.
  1361 | D:1      | Reached XP level 3. HP: 18/18 MP: 4/4
  1995 | D:2      | Reached skill level 7 in Stealth
  2803 | D:2      | Found a blossoming altar of Fedhas.
  3307 | D:2      | Reached XP level 4. HP: 23/23 MP: 5/5
  4273 | D:3      | Learned a level 1 spell: Sting
  4314 | D:3      | Found a sparkling altar of Nemelex Xobeh.
  4618 | D:4      | Noticed Blork the orc
  4639 | D:4      | Killed Blork the orc
  4640 | D:4      | Reached skill level 8 in Stealth
  4640 | D:4      | Reached XP level 5. HP: 16/27 MP: 6/6
  4863 | D:4      | Found an ornate altar of the Wu Jian Council.
  4885 | D:4      | Noticed Sigmund
  4887 | D:4      | Killed Sigmund
  4888 | D:4      | Reached skill level 9 in Stealth
  4888 | D:4      | Reached XP level 6. HP: 32/32 MP: 7/7
  5113 | D:4      | Found Ekaolun's Lightly-Used Armoury.
  5118 | D:4      | Bought a -1 demon blade for 130 gold pieces
  5125 | D:4      | Found a shimmering altar of Xom.
  5657 | D:4      | Found a staircase to the Ecumenical Temple.
  6015 | D:5      | Entered Level 5 of the Dungeon
  6015 | D:5      | Found a shadowy altar of Dithmenos.
  6019 | D:5      | Became a worshipper of Dithmenos the Shadowed
  6116 | D:5      | Found a runed translucent door.
  6116 | D:5      | Noticed a human
  6219 | D:5      | Found a basalt altar of Yredelemnul.
  6337 | D:5      | Noticed Ijyb
  6346 | D:5      | Killed Ijyb
  6347 | D:5      | Reached skill level 1 in Long Blades
  6422 | D:5      | Noticed a yak
  6508 | D:5      | Noticed a yak
  6534 | D:5      | Noticed a yak
  6535 | D:5      | Noticed a yak
  6574 | D:5      | Killed a yak
  6575 | D:5      | Reached XP level 7. HP: 36/36 MP: 8/8
  6620 | D:5      | Killed a human
  7538 | D:4      | Killed a yak
  7539 | D:4      | Reached skill level 1 in Ranged Weapons
  8135 | D:6      | Reached XP level 8. HP: 28/42 MP: 7/9
  8148 | D:5      | Reached * piety under Dithmenos
  8365 | D:6      | Found a white marble altar of Elyvilon.
  8653 | D:6      | Found Maudgh's General Store.
  8657 | D:6      | Bought 2 potions of heal wounds for 130 gold pieces
  9403 | D:6      | Found a sacrificial altar of Ru.
 11787 | D:7      | Learned a level 2 spell: Poisonous Vapours
 11787 | D:7      | Noticed a raiju
 11845 | D:7      | Reached skill level 5 in Ranged Weapons
 11845 | D:7      | Reached XP level 9. HP: 36/46 MP: 10/10
 12276 | D:7      | Reached skill level 1 in Spellcasting
 12606 | D:8      | Found a broken altar of Ashenzari.
 12692 | D:8      | Reached skill level 5 in Fighting
 12711 | D:8      | Reached skill level 1 in Poison Magic
 12892 | D:8      | Noticed Erica
 12913 | D:7      | Reached ** piety under Dithmenos
 13167 | D:7      | Reached skill level 5 in Dodging
 14026 | D:8      | Found a staircase to the Lair.
 14061 | D:8      | Slain by Erica

Illustrated notes

Levels and vault maps discovered:
D:1:      dpeg_arrival_ternary, layout_loops_ring, basic_ecumenical_altar,
          minmay_misc_feat_columns, minmay_distorted
D:2:      layout_loops_ring, basic_altar, chequers_mini_garden,
          minmay_misc_feat_rows, hangedman_decor_slide_cut
D:3:      layout_basic, lemuel_tele_altar
D:4:      layout_loops_corners, xom_butterflies, nzn_wu_jian_contemplation,
          minmay_temple_entry_statues_fountains, minmay_shop_damaged,
          uniq_sigmund, uniq_blork_the_orc
D:5:      layout_rooms, lemuel_crystal_altar, dk_yredelemnul_ordeal,
          minmay_mini_ossuary, uniq_ijyb
D:6:      layout_loops_corners, nicolae_ru_sacrificial_ziggurat,
          nicolae_elyvilon_peaceful_grove, serial_shops, shop,
          chequers_serial_rivers_micro_d
D:7:      layout_basic, nicolae_have_a_lightning_rod
D:8:      layout_rooms, evilmike_ruin_ashenzari, tgw_trog,
          due_lair_maze_entry_diamond, uniq_erica

Skill      XL: |  1  2  3  4  5  6  7  8  9 |
---------------+----------------------------+-----
Stealth        | 6 7 8 9 |  9.9
Fighting       | 2 3 4 5 |  5.6
Short Blades   | 3 |  3.9
Dodging        | 2 3 4 5 |  5.2
Long Blades    | 1 3 4 |  4.7
Throwing       | 3 |  3.2
Ranged Weapons | 1 5 |  5.8
Spellcasting   | 2 |  2.4
Poison Magic   | 2 |  2.1

Action                     |  1- 3 |  4- 6 |  7- 9 || total
---------------------------+-------+-------+-------++-------
  Melee: Dagger            |   133 |    18 |    16 ||   167
         Demon blade       |       |    48 |   196 ||   244
         Punch             |       |       |     3 ||     3
         Arbalest          |       |       |     1 ||     1
   Fire: Arbalest          |       |       |   210 ||   210
  Throw: Dart              |     4 |    20 |     6 ||    30
         Stone             |       |    22 |       ||    22
   Cast: Sting             |       |       |     1 ||     1
  Evoke: Wand              |       |       |     3 ||     3
    Use: Scroll            |     1 |     8 |     1 ||    10
         Potion            |       |       |     2 ||     2
   Stab: Sleeping          |    11 |     7 |     2 ||    20
         Distracted        |     2 |       |     1 ||     3
 Armour: Robe              |    31 |    25 |   102 ||   158
  Dodge: Dodged            |    92 |    53 |   263 ||   408

Table legend: (Time is in decaauts)
 A = Elapsed time spent in this place.
 B = Non-inter-level travel time spent in this place.
 C = Inter-level travel time spent in this place.
 D = Time resting spent in this place.
 E = Time spent auto-exploring this place.
 F = Levels seen in this place.
 G = Mean time per level.
                   A        B        C        D        E       F      G
               +--------+--------+--------+--------+--------+-----+--------+
         Total |  11567 |  11258 |    309 |   5979 |   1694 |   8 | 1445.9 |
       Dungeon |  11567 |  11258 |    309 |   5979 |   1694 |   8 | 1445.9 |
               +--------+--------+--------+--------+--------+-----+--------+

Top non-repeatable levels by time:
     D:6: 2189 daAuts
     D:4: 1745 daAuts
     D:2: 1666 daAuts
     D:7: 1638 daAuts
     D:1: 1503 daAuts
     D:5: 1234 daAuts
     D:8: 910 daAuts
     D:3: 678 daAuts
